 Dungeon Crawl Stone Soup version 0.28.0-45-g0d030f2227 (webtiles) character file.

Game seed: 10317919350868935035

1781 Zeld the Zephyrmancer (level 9, -1/51 HPs)
             Began as a Tengu Air Elementalist on Apr 7, 2022.
             Was a Follower of Vehumet.
             Slain by a kobold brigand
             ... wielding a +0 club
              (9 damage)
             ... on level 7 of the Dungeon.
             The game lasted 00:11:10 (12335 turns).

Zeld the Zephyrmancer (Tengu Air Elementalist)     Turns: 12335, Time: 00:11:11

Health: -1/51      AC:  3    Str: 10    XL:     9   Next: 8%
Magic:  3/19       EV: 15    Int: 19    God:    Vehumet [*.....]
Gold:   200        SH:  0    Dex: 14    Spells: 10/20 levels left

rFire   . . .      SeeInvis .   b - +5 scythe "Finisher" {speed, eviscerate}
rCold   . . .      Faith    .   (shield currently unavailable)
rNeg    . . .      Spirit   .   r - +0 robe
rPois   .          Reflect  .   (helmet restricted)
rElec   .          Harm     .   p - +0 cloak {Will+}
rCorr   .          Rampage  .   (no gloves)
Will    +....                   (boots unavailable)
Stlth   ++........              (no amulet)
HPRegen 0.17/turn               q - ring of wizardry
MPRegen 0.16/turn               (no ring)

@: lethally poisoned (-1 -> -6), swift, attractive, flying quickly and
evasively, very quick
A: beak, talons 3, nimble flight
a: Renounce Religion


You were on level 7 of the Dungeon.
You worshipped Vehumet.
Vehumet was aware of your devotion.
You visited 2 branches of the dungeon, and saw 8 of its levels.

You collected 200 gold pieces.

Inventory:

Hand Weapons
 b - the +5 scythe "Finisher" (weapon) {speed, eviscerate}
   (You acquired it on level 6 of the Dungeon)

   Attacks with this weapon are significantly faster.
   It may eviscerate those it strikes, slaying them instantly, with a decreasing
   chance against stronger foes.
Armour
 p - a +0 cloak of willpower (worn)
 r - a +0 robe (worn)
Magical Staves
 a - a staff of air
Jewellery
 q - a ring of wizardry (left hand)
Wands
 s - a wand of paralysis (3)
 w - a wand of flame (28)
Scrolls
 c - a scroll of enchant armour
 d - a scroll of summoning
 k - a scroll of fear
 m - a scroll of magic mapping
 n - 2 scrolls of teleportation
 o - 4 scrolls of enchant weapon
 t - a scroll of identify
 v - a scroll of immolation {unknown}
Potions
 e - a potion of attraction
 f - a potion of heal wounds {unknown}
 g - 2 potions of magic {unknown}
 h - a potion of curing
 i - 2 potions of haste {unknown}
 j - 3 potions of ambrosia {unknown}
 l - 2 potions of invisibility {unknown}
 u - a potion of degeneration {unknown}


   Skills:
 + Level 3.2 Fighting
 * Level 1.9 Polearms
 - Level 3.0 Dodging
 - Level 3.0 Stealth
 * Level 6.1 Spellcasting
 + Level 5.9 Conjurations
 * Level 9.4 Air Magic
 + Level 1.2 Evocations


You had 10 spell levels left.
You knew the following spells:

 Your Spells              Type           Power      Damage    Failure   Level
a - Shock                 Conj/Air       100%       1d9       1%          1
b - Static Discharge      Conj/Air       34%        N/A       1%          2
c - Swiftness             Air            41%        N/A       1%          3
d - Airstrike             Air            20%        N/A       1%          4

Your spell library contained the following spells:

 Spells                   Type           Power      Damage    Failure   Level
 Magic Dart               Conj           100%       1d8       1%          1
 Inner Flame              Hex/Fire       5%         N/A       13%         3
 Ozocubu's Armour         Ice            5%         N/A       13%         3
 Flame Wave               Conj/Fire      17%        2d6       13%         4
 Freezing Cloud           Conj/Ice/Air   12%        6-21      16%         5


Dungeon Overview and Level Annotations

Branches:
Dungeon (7/15)             Temple (1/1) D:4

Altars:
Ashenzari
Cheibriados
Dithmenos
Elyvilon
Fedhas
Gozag
Hepliaklqana
Kikubaaqudgha
Makhleb
Nemelex Xobeh
Okawaru
Qazlal
Ru
Sif Muna
Trog
Uskayaw
Vehumet
Wu Jian
Xom
Yredelemnul
Zin
The Shining One

Shops:
D:2 *

Annotations:
D:7 2 transporters


Innate Abilities, Weirdness & Mutations

You have a beak for a mouth.
You have claws for feet.
Your magical nature lets you fly swiftly and evasively.


Message History

You are poisoned.
You feel sick.
You feel sick.
You feel sick.
You feel sick.
The shadow imp shouts!
You hear a shout!
You feel sick.
You feel sick.
The kobold brigand throws a poisoned dart.
The poisoned dart hits you!
You are more poisoned.
You feel sick.
You feel sick.
The kobold brigand throws a poisoned dart.
The poisoned dart hits you!
You are lethally poisoned!
The white imp gestures at you. The puff of frost misses you.
* * * LOW HITPOINT WARNING * * *
You feel sick.
* * * LOW HITPOINT WARNING * * *
You feel sick.
* * * LOW HITPOINT WARNING * * *
You feel sick.
It was a potion of attraction.
You feel attractive to monsters.
* * * LOW HITPOINT WARNING * * *
You feel sick.
Really quaff the potion of attraction?
Okay, then.
It was a potion of curing.
You feel better.
The kobold brigand is attracted toward you.
The kobold brigand throws a poisoned dart.
The poisoned dart hits you!
You are poisoned.
The kobold brigand is attracted toward you.
There is a stone staircase leading down here.
You feel sick.
The kobold brigand hits you with a +0 club!
You die...

...............#..
.....###..###§.#.#
.....#.#..# ##.#.#
.....#.#..# #.#.#
.....#.#..####§#.#
.....#.#....##.#.#
####...#....##...###
# #.#.#....##.K...#
# #.#.#..####..@..#
# #.#......##.....#
# #.#......##.....#
####.#.............#
.h...#......###.####
####<#......# #.#
........÷...# #.#
............###.##
.....#...........#


You could see a kobold brigand (strong).

Vanquished Creatures
  A centaur zombie (D:6)
  2 water moccasins
  A necrophage (D:7)
  2 ogres (D:4)
  A phantom (D:4)
  2 bullfrogs
  Blork the orc (D:6)
  A gnoll sergeant (D:7)
  2 scorpions
  A howler monkey (D:6)
  2 orc priests
  A bullfrog skeleton (D:5)
  Crazy Yiuf (D:5)
  A centaur skeleton (D:6)
  Ijyb (D:4)
  A scorpion zombie (D:5)
  2 orc wizards
  A howler monkey zombie (D:7)
  Robin (D:3)
  7 gnolls
  3 adders
  A shadow imp (D:5)
  2 ufetubi
  A worm (D:2)
  3 dart slugs
  10 orcs
  3 bats
  5 endoplasms
  3 giant cockroaches
  22 goblins
  7 hobgoblins
  3 jackals (D:4)
  3 quokkas
  4 ball pythons
  9 kobolds
  2 rats
113 creatures vanquished.

Notes
Turn   | Place    | Note
-------+----------+-------------------------------------------
     0 | D:1      | Zeld the Tengu Air Elementalist began the quest for the
                  | Orb.
     0 | D:1      | Reached XP level 1. HP: 10/10 MP: 4/4
   308 | D:1      | Found a faded altar of an unknown god.
   554 | D:1      | Reached XP level 2. HP: 15/15 MP: 1/6
  1112 | D:2      | Found a sacrificial altar of Ru.
  1304 | D:2      | Found Jefimm's General Store.
  1555 | D:2      | Reached XP level 3. HP: 19/19 MP: 3/7
  1558 | D:2      | Learned a level 2 spell: Static Discharge
  1562 | D:2      | Learned a level 3 spell: Swiftness
  2208 | D:3      | Noticed Robin
  2724 | D:3      | Killed Robin
  2751 | D:3      | Reached XP level 4. HP: 14/24 MP: 2/9
  2891 | D:3      | Noticed a bullfrog
  2915 | D:3      | HP: 1/24 [bullfrog (6)]
  2920 | D:3      | Killed a bullfrog
  2921 | D:3      | Reached skill level 5 in Air Magic
  2921 | D:3      | Gained mutation: Your magical nature lets you fly swiftly
                  | and evasively. [Tengu growth]
  2921 | D:3      | Reached XP level 5. HP: 1/28 MP: 1/10
  3315 | D:2      | Learned a level 4 spell: Airstrike
  4307 | D:4      | Noticed an ogre
  4542 | D:4      | Found a radiant altar of Vehumet.
  4543 | D:4      | Found an ancient bone altar of Kikubaaqudgha.
  4547 | D:4      | Found a snail-covered altar of Cheibriados.
  4549 | D:4      | Found an iron altar of Okawaru.
  4556 | D:4      | Became a worshipper of Vehumet
  4564 | D:4      | Noticed an ogre
  4576 | D:4      | Killed an ogre
  4577 | D:4      | Reached XP level 6. HP: 32/32 MP: 2/12
  4728 | D:4      | Reached skill level 6 in Air Magic
  4804 | D:4      | Found a staircase to the Ecumenical Temple.
  4839 | Temple   | Entered the Ecumenical Temple
  5588 | D:4      | Noticed Ijyb
  5590 | D:4      | Paralysed by Ijyb for 4 turns
  5603 | D:4      | Paralysed by Ijyb for 4 turns
  5611 | D:4      | Paralysed by Ijyb for 3 turns
  5616 | D:4      | Killed Ijyb
  5617 | D:4      | Reached XP level 7. HP: 36/36 MP: 5/14
  6033 | D:4      | Found a runed translucent door.
  6034 | D:4      | Noticed Crazy Yiuf
  6511 | D:4      | Found a staircase to the Ecumenical Temple.
  6765 | D:4      | Found a radiant altar of Vehumet.
  6766 | D:4      | Found an ancient bone altar of Kikubaaqudgha.
  6770 | D:4      | Found a snail-covered altar of Cheibriados.
  6772 | D:4      | Found an iron altar of Okawaru.
  7193 | D:4      | Found a staircase to the Ecumenical Temple.
  7446 | D:4      | Found a radiant altar of Vehumet.
  7447 | D:4      | Found an ancient bone altar of Kikubaaqudgha.
  7451 | D:4      | Found a snail-covered altar of Cheibriados.
  7453 | D:4      | Found an iron altar of Okawaru.
  7890 | D:5      | Entered Level 5 of the Dungeon
  7890 | D:5      | Noticed a +0 short sword
  7890 | D:5      | Noticed a +0 spear
  7890 | D:5      | Noticed a +0 short sword
  7890 | D:5      | Noticed a +0 falchion
  7892 | D:5      | Noticed a +0 falchion
  7892 | D:5      | Noticed a +0 spear
  7893 | D:5      | Noticed a +0 dagger
  7893 | D:5      | Noticed a +0 dagger
  7899 | D:5      | Identified the +2 ring mail of Impermeability {Slay+2}
  7998 | D:5      | Found a hide-covered altar of Uskayaw.
  8153 | D:5      | Identified the +10 dagger of a sewer {holy, *Rage rC+ rCorr
                  | Dex+8}
  8157 | D:5      | Reached skill level 7 in Air Magic
  8259 | D:5      | Reached skill level 1 in Fighting
  8887 | D:5      | Killed Crazy Yiuf
 10063 | D:6      | Reached skill level 5 in Spellcasting
 10063 | D:6      | Reached skill level 8 in Air Magic
 10063 | D:6      | Reached XP level 8. HP: 29/44 MP: 7/16
 10421 | D:6      | Reached skill level 5 in Conjurations
 10828 | D:6      | Got the Guide on Flamy Ice
 10836 | D:6      | Noticed Blork the orc
 10838 | D:6      | Killed Blork the orc
 11208 | D:6      | Found an ornate altar of the Wu Jian Council.
 11409 | D:6      | Reached skill level 9 in Air Magic
 11409 | D:6      | Identified a scroll of acquirement
 11410 | D:6      | Acquired the +5 scythe "Finisher" {speed, eviscerate}
 11410 | D:6      | Found the +5 scythe "Finisher" {speed, eviscerate}
 11709 | D:7      | Reached skill level 1 in Polearms
 11936 | D:7      | Found a transporter.
 11937 | D:7      | Noticed a kobold demonologist
 12092 | D:7      | Reached skill level 1 in Evocations
 12092 | D:7      | Reached XP level 9. HP: 48/50 MP: 6/19
 12261 | D:7      | Found a transporter.
 12293 | D:7      | Reached * piety under Vehumet
 12293 | D:7      | Offered knowledge of Magic Dart by Vehumet.
 12296 | D:7      | Identified the +3 leather armour "Sueqesup" {Harm rCorr
                  | Slay+2 SInv}
 12335 | D:7      | Slain by a kobold brigand

Illustrated notes

Levels and vault maps discovered:
D:1:      dpeg_arrival_tiny_h, layout_basic, basic_ecumenical_altar
D:2:      layout_loops_ring, basic_altar, serial_shops, shop
D:3:      layout_basic, serial_rivers, chequers_serial_rivers_large_b,
          chequers_serial_rivers_micro_a, chequers_serial_rivers_room_b,
          chequers_serial_rivers_micro_c, chequers_serial_rivers_small_b,
          chequers_serial_rivers_large_a, uniq_robin
D:4:      kennysheep_goblin_castle, layout_basic, minitemple,
          minmay_temple_entry_butterflies, uniq_crazy_yiuf_cottage
D:5:      layout_loops_cross, nicolae_uskayaw_en_pointe, patterned_corridor
D:6:      layout_basic, lemuel_doored_altar, minmay_misc_feat_encased,
          uniq_blork_the_orc
D:7:      gammafunk_wand_slinger, layout_basic, hangedman_decor_push,
          chequers_mini_garden
Temple:   eino_temple_rhombus

Skill      XL: |  1  2  3  4  5  6  7  8 |
---------------+-------------------------+-----
Conjurations   | 2 3 4 5 |  5.9
Spellcasting   | 3 4 5 6 |  6.1
Air Magic      | 5 6 8 9 |  9.4
Dodging        | 3 |  3.0
Stealth        | 3 |  3.0
Fighting       | 2 3 |  3.2
Polearms       | 1 |  1.9
Evocations     | 1 |  1.2

Action                   |  1- 3 |  4- 6 |  7- 9 || total
-------------------------+-------+-------+-------++-------
Melee: Unarmed           |     5 |     6 |     2 ||    13
       Kick              |     3 |     1 |     3 ||     7
       Peck              |     1 |     1 |     3 ||     5
       Scythe            |       |       |    14 ||    14
 Cast: Shock             |    70 |    74 |    27 ||   171
       Static Discharge  |     6 |     5 |       ||    11
       Airstrike         |       |    11 |    61 ||    72
       Swiftness         |       |       |     2 ||     2
Evoke: Wand              |       |       |     1 ||     1
  Use: Scroll            |       |       |    10 ||    10
       Potion            |       |       |     2 ||     2
Armor: Robe              |     5 |     2 |    14 ||    21
Dodge: Dodged            |    11 |    35 |    39 ||    85
